 Dungeon Crawl Stone Soup version 0.29-a0-219-g0a02b1cf4f (webtiles) character file.

Game seed: 9707664124267026821

8953 ReploidZero the Basher (level 11, 0/62 HPs)
             Began as a Vine Stalker Gladiator on Feb 25, 2022.
             Was a Believer of Ru.
             Hit by a silver javelin thrown by Urug (5 damage)
             ... on level 10 of the Dungeon.
             The game lasted 00:30:26 (8958 turns).

ReploidZero the Basher (Vine Stalker Gladiator)     Turns: 8958, Time: 00:30:26

Health: 0/62       AC:  9    Str: 21    XL:     11   Next: 38%
Magic:  0/12       EV: 16    Int:  8    God:    Ru [**....]
Gold:   387        SH:  0    Dex: 16    Spells: 10/10 levels left

rFire   . . .      SeeInvis .   m - +3 morningstar (flame)
rCold   . . .      Faith    .   (no shield)
rNeg    . . .      Spirit   +   k - +0 troll leather armour {Pargi}
rPois   .          Reflect  .   c - +0 helmet
rElec   .          Harm     .   q - +0 cloak
rCorr   .          Rampage  .   E - +0 pair of gloves
Will    ++...                   j - +1 pair of boots
Stlth   +.........              (no amulet)
HPRegen 1.80/turn               n - ring of willpower
MPRegen 0.13/turn               s - ring of flight

@: flying
A: fangs 3, regeneration 1, magic shield, antimagic bite, no potion heal 2,
inability to use devices
a: Renounce Religion


You were on level 10 of the Dungeon.
You worshipped Ru.
Ru was pleased with you.
You visited 2 branches of the dungeon, and saw 11 of its levels.

You collected 462 gold pieces.
You spent 75 gold pieces at shops.

Inventory:

Hand Weapons
 m - a +3 morningstar of flaming (weapon)
 B - a +0 eveningstar
Missiles
 b - 29 poisoned darts
 d - 4 throwing nets
 e - 3 javelins (quivered)
 g - 14 boomerangs
Armour
 c - a +0 helmet (worn)
 j - a +1 pair of boots (worn)
 k - a +0 troll leather armour (worn) {Pargi}
 q - a +0 cloak (worn)
 E - a +0 pair of gloves (worn)
Jewellery
 i - a ring of wizardry
 n - a ring of willpower (left hand)
 p - a +4 ring of protection
 s - a ring of flight (right hand)
 y - an amulet of regeneration
 z - a ring of wizardry
 A - a ring of wizardry
Scrolls
 f - 2 scrolls of magic mapping
 h - 2 scrolls of teleportation
 w - 2 scrolls of immolation
 x - a scroll of amnesia
 D - 2 scrolls of enchant weapon
 F - a scroll of enchant armour
Potions
 a - a potion of lignification {unknown}
 l - a potion of cancellation
 o - 2 potions of brilliance
 r - 5 potions of curing
 t - 2 potions of heal wounds
 u - 2 potions of flight
 v - 2 potions of mutation


   Skills:
 + Level 9.5 Fighting
 + Level 9.7 Maces & Flails
 - Level 2.0 Throwing
 + Level 8.9 Dodging


You had 10 spell levels left.
You didn't know any spells.
Your spell library contained the following spells:

 Spells                   Type           Power      Damage    Failure   Level
 Sting                    Tmut/Pois      0%         1d3       45%         1
 Poisonous Vapours        Pois/Air       0%         N/A       58%         2
 Conjure Flame            Conj/Fire      0%         6-21      83%         3
 Gell's Gravitas          Tloc           0%         N/A       83%         3
 Ignite Poison            Fire/Tmut/Pois 0%         N/A       83%         3
 Lesser Beckoning         Tloc           0%         N/A       83%         3
 Teleport Other           Tloc           0%         N/A       83%         3
 Airstrike                Air            0%         N/A       99%         4
 Olgreb's Toxic Radiance  Pois           0%         N/A       99%         4
 Sticky Flame             Conj/Fire      0%         2d3       99%         4
 Summon Lightning Spire   Summ/Air       0%         N/A       99%         4
 Lightning Bolt           Conj/Air       0%         1d11      100%        5


Dungeon Overview and Level Annotations

Branches:
Dungeon (10/15)            Temple (1/1) D:6
   Lair: D:8-11         Orc: D:9-12

Altars:
Ashenzari
Cheibriados
Dithmenos
Elyvilon
Fedhas
Gozag
Hepliaklqana
Kikubaaqudgha
Makhleb
Nemelex Xobeh
Okawaru
Qazlal
Ru
Sif Muna
Trog
Uskayaw
Vehumet
Wu Jian
Xom
Yredelemnul
Zin
The Shining One
Jiyva

Shops:
D:1 [   D:7 *   D:8 *

Annotations:
D:10 3 runed translucent doors, Urug; a3don's ghost, journeyman DrEE


Innate Abilities, Weirdness & Mutations

You have razor-sharp teeth.
Your natural rate of healing is unusually fast.
When hurt, damage is shared between your health and your magic reserves.
Your bite disrupts and absorbs the magic of your enemies.
Potions cannot restore your health.
You cannot study or use magical devices.


Message History

Urug is severely wounded.
Urug hits you with a +0 vorpal eveningstar!!
Hit: m) +3 morningstar (flame)
Press: ? - help, Dir - move target, f/p - Urug
Aim: Urug, wielding a +0 vorpal eveningstar, wearing a +0 chain mail and quivering silver javelins (severely wounded, about 36% to evade your +3 morningstar of flaming)
Okay, then.
Throw: 2 darts (atropa)
Press: ? - help, Q - select action, (/) - cycle Shift-Dir - straight line, f/p - Urug
Aim: Urug, wielding a +0 vorpal eveningstar, wearing a +0 chain mail and quivering silver javelins (severely wounded, 62% to hit, chance to blind on hit: 3%)
You throw an atropa-tipped dart.
The atropa-tipped dart closely misses Urug.
Unknown command.
Unknown command.
Hit: m) +3 morningstar (flame)
Press: ? - help, Dir - move target, f/p - Urug
Aim: Urug, wielding a +0 vorpal eveningstar, wearing a +0 chain mail and quivering silver javelins (severely wounded, about 36% to evade your +3 morningstar of flaming)
Okay, then.
Urug throws a silver javelin.
The silver javelin misses you.
Throw: dart (atropa)
Press: ? - help, Q - select action, (/) - cycle Shift-Dir - straight line, f/p - Urug
Aim: Urug, wielding a +0 vorpal eveningstar, wearing a +0 chain mail and quivering silver javelins (severely wounded, 62% to hit, chance to blind on hit: 3%)
You throw an atropa-tipped dart. The atropa-tipped dart hits Urug.
Urug resists.
Urug is severely wounded.
Urug throws a silver javelin.
The silver javelin pierces through you!!
* * * LOW HITPOINT WARNING * * *
x2 Unknown command.
Urug throws a silver javelin.
The silver javelin closely misses you.
There is an open door here.
Okay, then.
Okay, then.
Throw: 4 javelins
Press: ? - help, Q - select action, (/) - cycle Shift-Dir - straight line, f/p - Urug
Aim: Urug, wielding a +0 vorpal eveningstar, wearing a +0 chain mail and quivering silver javelins (severely wounded, 62% to hit)
You throw a javelin. The javelin barely misses Urug.
Urug squints and screams, "A harpy?
Time to die, you blasted buzzard!"
Urug throws a silver javelin.
The silver javelin pierces through you!
* * * LOW HITPOINT WARNING * * *
You die...

#...# #.# #.### #.#
#####'##### #.#
#.........# #.##
#.........# #..#
#.........# ######'###
#.........# #.........
#.........#### #.........
#..(....@.'o(###.........
#.........##..('.....(...
#.........######.........
#.........# #.........
########### #.........
#......... ###'######
#...# ###'####


You could see Urug.

Vanquished Creatures
  A two-headed ogre (D:9)
  The ghost of lordive the Slicer, a novice KoAK of Lugonu (D:7)
  3 kobold demonologists
  3 hornets
  Sigmund (D:2)
  A wraith (D:9)
  A vampire (D:10)
  4 yaks (D:9)
  3 steam dragons
  Grum (D:9)
  Menkaure (D:6)
  An acid dragon (D:9)
  3 water moccasins
  3 orc warriors
  Pargi (D:3)
  A sky beast (D:8)
  2 black bears (D:6)
  A necrophage (D:5)
  2 ogres
  2 wolves (D:9)
  5 centaurs
  4 kobold brigands
  2 bullfrogs
  4 scorpions
  3 gnoll sergeants
  A hornet simulacrum (D:7)
  13 killer bees
  6 wights
  A spectral centaur (D:7)
  3 hounds
  2 orc priests
  A gnoll shaman (D:7)
  2 jellies
  A centaur skeleton (D:7)
  4 iguanas
  Natasha (twice) (D:2)
  8 orc wizards
  7 adders
  31 gnolls
  2 shadow imps
  A white imp (D:7)
  2 ufetubi
  34 orcs
  3 endoplasms
  A giant cockroach (D:3)
  4 goblins
  6 hobgoblins
  10 jackals
  11 kobolds
  4 quokkas
  3 ball pythons
  7 bats
  2 rats (D:1)
226 creatures vanquished.

Vanquished Creatures (others)
  A killer bee (D:8)
  3 orcs
4 creatures vanquished.

Grand Total: 230 creatures vanquished

Notes
Turn   | Place    | Note
-------+----------+-------------------------------------------
     0 | D:1      | ReploidZero the Vine Stalker Gladiator began the quest for
                  | the Orb.
     0 | D:1      | Reached XP level 1. HP: 11/11 MP: 2/2
    22 | D:1      | Found Yjuchey's Antique Armour Emporium.
   301 | D:1      | Reached XP level 2. HP: 15/15 MP: 3/3
  1056 | D:2      | Reached XP level 3. HP: 11/18 MP: 4/4
  1244 | D:2      | Noticed Sigmund
  1483 | D:2      | Killed Sigmund
  1484 | D:2      | Gained mutation: Your natural rate of healing is unusually
                  | fast. [Vine Stalker growth]
  1484 | D:2      | Reached XP level 4. HP: 2/24 MP: 5/5
  1484 | D:2      | Reached XP level 5. HP: 3/28 MP: 6/6
  1678 | D:2      | Noticed Natasha
  1681 | D:2      | Killed Natasha
  1682 | D:2      | Reached XP level 6. HP: 32/32 MP: 7/7
  1839 | D:2      | Found a faded altar of an unknown god.
  1887 | D:2      | Noticed Natasha
  1893 | D:2      | Killed Natasha
  2087 | D:3      | Noticed Pargi
  2100 | D:3      | Killed Pargi
  2511 | D:3      | Reached XP level 7. HP: 37/37 MP: 6/8
  3228 | D:4      | Reached skill level 5 in Maces & Flails
  3521 | D:5      | Entered Level 5 of the Dungeon
  3559 | D:5      | Gained mutation: You have razor-sharp teeth. [Vine Stalker
                  | growth]
  3559 | D:5      | Reached XP level 8. HP: 42/42 MP: 5/9
  3562 | D:5      | Reached skill level 5 in Fighting
  3629 | D:5      | Reached skill level 5 in Dodging
  4292 | D:6      | Noticed a kobold demonologist
  4295 | D:6      | Noticed an orange demon
  4416 | D:6      | Reached XP level 9. HP: 48/48 MP: 10/10
  4557 | D:6      | Found a staircase to the Ecumenical Temple.
  4562 | D:6      | Noticed Menkaure
  4597 | D:6      | Killed Menkaure
  4691 | D:6      | Noticed a kobold demonologist
  4693 | D:6      | Noticed a kobold demonologist
  4701 | D:6      | Noticed a rust devil
  4701 | Temple   | Entered the Ecumenical Temple
  4704 | Temple   | Killed a kobold demonologist
  5143 | Temple   | Became a worshipper of Ru the Awakened
  5183 | D:6      | Noticed an orange demon
  5186 | Temple   | Noticed an ice devil
  5190 | Temple   | Killed a kobold demonologist
  5297 | D:6      | Killed a kobold demonologist
  5437 | D:6      | Reached XP level 10. HP: 53/55 MP: 9/11
  5765 | D:7      | Found Vahibe's Assorted Antiques.
  5770 | D:7      | Bought a bubbling black potion for 23 gold pieces
  5770 | D:7      | Bought a scroll of identify for 52 gold pieces
  6263 | D:7      | Found a runed translucent gate.
  6263 | D:7      | Found a runed translucent gate.
  6263 | D:7      | Found a runed translucent gate.
  6268 | D:7      | Noticed lordive's ghost (novice KoAK)
  6354 | D:8      | Gained mutation: You cannot study or use magical devices.
                  | [Ru sacrifice]
  6354 | D:8      | Reached * piety under Ru
  6354 | D:8      | Reached ** piety under Ru
  6438 | D:8      | Found a large runed translucent door.
  6438 | D:8      | Found a large runed translucent door.
  6782 | D:8      | Found Runt's Overcharged Wands.
  6920 | D:8      | Found a glowing silver altar of Zin.
  6934 | D:8      | Found a blossoming altar of Fedhas.
  7172 | D:9      | Paralysed by a hornet for 3 turns
  7250 | D:9      | Reached XP level 11. HP: 56/60 MP: 12/12
  7596 | D:7      | Killed lordive's ghost
  7775 | D:9      | Noticed Grum
  7792 | D:9      | Killed Grum
  7804 | D:9      | Identified the +0 ring mail of Amekeaf {rPois Str+4 SInv
                  | Stlth-}
  8202 | D:10     | Entered Level 10 of the Dungeon
  8393 | D:10     | Noticed Urug
  8412 | D:10     | Noticed a two-headed ogre
  8651 | D:10     | Found a runed translucent gate.
  8652 | D:10     | Found a runed translucent gate.
  8653 | D:10     | Found a runed translucent gate.
  8655 | D:10     | Noticed a3don's ghost (journeyman DrEE)
  8662 | D:10     | Found a viscous altar of Jiyva.
  8785 | D:9      | Killed a two-headed ogre
  8958 | D:10     | Hit by a silver javelin thrown by Urug

Illustrated notes

Levels and vault maps discovered:
D:1:      psy_arrival_whirlpool, layout_basic, serial_shops,
          nicolae_diamond_shop
D:2:      layout_rooms, shapermc_ecumenical_altar_notcrosses, uniq_natasha,
          uniq_sigmund
D:3:      layout_loops_ring, uniq_pargi
D:4:      layout_rooms
D:5:      layout_basic, kennysheep_cross_room
D:6:      layout_basic, minmay_temple_entry_mini_moons, uniq_menkaure
D:7:      layout_loops_ring, serial_shops, nicolae_shop_hallway_plus,
          gammafunk_ghost_necromancy
D:8:      layout_rooms, jmf_multi_god_temple2,
          nicolae_concentric_dashed_squares_wild, nicolae_shop_overcharged_wands
D:9:      layout_basic, uniq_grum
D:10:     layout_roguey, gammafunk_ghost_ooze, uniq_urug
Temple:   mainiacjoe_temple_big_plus

Skill      XL: |  1  2  3  4  5  6  7  8  9 10 11 |
---------------+----------------------------------+-----
Fighting       | 2 3 4 6 7 8 9 |  9.5
Maces & Flails | 3 4 5 6 7 9 |  9.7
Throwing       | 2 |  2.0
Dodging        | 3 4 5 7 8 |  8.9

Action                   |  1- 3 |  4- 6 |  7- 9 | 10-12 || total
-------------------------+-------+-------+-------+-------++-------
Melee: Flail             |    67 |    38 |       |       ||   105
       Bite              |    15 |    19 |    53 |   108 ||   195
       Morningstar       |       |    30 |   174 |   329 ||   533
       Punch             |       |     1 |       |     1 ||     2
Throw: Javelin           |       |     4 |       |    15 ||    19
       Dart              |       |       |       |     7 ||     7
Invok: Sacrifice Artific |       |       |       |     1 ||     1
       Reject Sacrifices |       |       |       |     1 ||     1
  Use: Scroll            |     2 |     1 |    17 |     9 ||    29
       Potion            |       |       |       |     1 ||     1
 Stab: Sleeping          |       |       |     1 |     1 ||     2
       Distracted        |       |       |       |     1 ||     1
Armor: Leather armour    |    25 |    13 |       |       ||    38
       Troll leather arm |       |     9 |    51 |   113 ||   173
Dodge: Dodged            |    59 |    54 |   164 |   325 ||   602

Table legend: (Time is in decaauts)
 A = Elapsed time spent in this place.
 B = Non-inter-level travel time spent in this place.
 C = Inter-level travel time spent in this place.
 D = Time resting spent in this place.
 E = Time spent auto-exploring this place.
 F = Levels seen in this place.
 G = Mean time per level.
                   A        B        C        D        E       F      G
               +--------+--------+--------+--------+--------+-----+--------+
         Total |   9081 |   8492 |    589 |      0 |   6474 |  11 |  825.5 |
       Dungeon |   8557 |   8048 |    509 |      0 |   6066 |  10 |  855.7 |
        Temple |    524 |    444 |     80 |      0 |    408 |   1 |  524.0 |
               +--------+--------+--------+--------+--------+-----+--------+

Top non-repeatable levels by time:
     D:1: 1259 daAuts
     D:7: 1073 daAuts
     D:9: 905 daAuts
     D:5: 883 daAuts
     D:3: 877 daAuts
     D:2: 833 daAuts
     D:8: 723 daAuts
     D:6: 716 daAuts
    D:10: 675 daAuts
     D:4: 608 daAuts
  Temple: 524 daAuts
